Map: Orbital Shipyard

Players

PaperCup - Winner!

  • Race: Terran Terran
  • League: Bronze

Miltreta

  • Race: Terran Terran
  • League: Bronze

VOD

Have the link to the VOD?

Description

Time

  • Played on: March 14, 2016, 9:12 a.m.
  • Length: 14:15
Show
View Real Time Build Order
Export as new Build Order

PaperCup Terran - Winner!

Build Orders: Reaper Expand, MMM Bio 

Get SALT Encoding   

  12  0:02  SCV  
  13  0:14  SCV  
  13  0:18  Supply Depot  
  14  0:26  SCV  
  15  0:40  SCV  
  16  0:43  Barracks  
  16  0:47  Refinery  
  16  0:52  SCV  
  17  1:08  SCV  
  18  1:20  SCV  
  19  1:36  Reaper  
  19  1:37  Orbital Command  
  20  1:50  Command Center  
  20  2:02  Supply Depot  
  20  2:16  SCV  
  21  2:23  Factory  
  21  2:28  SCV  
  22  2:36  Barracks Reactor  
  22  2:40  SCV  
  23  3:02  SCV x2  
  25  3:08  Command Center  
  24  3:20  Starport  
  24  3:30  Barracks Tech Lab  
  19  3:55  Marine  
  19  4:02  SCV  
  20  4:05  SCV  
  21  4:16  SCV  
  22  4:22  Liberator, SCV  
  24  4:24  Orbital Command  
  24  4:28  Refinery  
  23  4:42  SCV  
  27  4:47  Supply Depot  
  27  4:53  SCV x2  
  27  4:58  Marine  
  30  5:08  Factory Reactor  
  30  5:09  Barracks x2  
  30  5:16  Marine  
  30  5:18  SCV x3  
  34  5:22  Refinery  
  34  5:24  Refinery  
  34  5:25  Liberator  
  37  5:43  Marine  
  37  5:45  SCV x2  
  40  5:55  SCV  
  41  5:57  SCV  
  41  5:58  SCV  
  41  6:02  Factory Reactor  
  43  6:08  Liberator  
  43  6:12  Barracks Tech Lab  
  43  6:14  Combat Shields  
  43  6:19  Marauder  
  48  6:37  Marine x2  
  48  6:38  Marine  
  51  6:40  Stimpack  
  51  6:50  SCV x3  
  54  6:57  Liberator  
  54  7:08  SCV x2  
  56  7:15  Marine x2  
  63  7:16  Marauder x2  
  65  7:26  Widow Mine x2  
  69  7:35  Supply Depot  
  69  7:36  Supply Depot  
  69  7:37  Supply Depot x2  
  69  7:39  Liberator  
  69  7:40  Supply Depot  
  69  7:43  Supply Depot  
  69  7:51  Barracks  
  69  7:52  Barracks  
  69  7:56  Marine x2  
  69  7:57  Marauder  
  78  7:58  Marauder  
  78  8:21  Marine x2  
  78  8:22  Marauder  
  78  8:23  Marauder  
  88  8:29  SCV x2  
  90  8:38  SCV  
  91  8:41  Marine x2  
  89  8:48  Barracks Tech Lab  
  89  8:54  SCV x2, Factory Reactor  
  91  9:12  Liberator x2  
  91  9:27  Marine x3  
  91  9:28  Marine, Marauder  
  91  9:29  Marauder x2  
  107  9:31  Widow Mine x2  
  107  9:34  SCV x2  
  114  9:41  Supply Depot  
  114  9:43  Supply Depot x2  
  114  9:45  Supply Depot  
  114  9:46  Supply Depot, SCV x2  
  114  9:47  Orbital Command  
  114  9:49  Marine x2  
  114  9:50  Supply Depot  
  117  10:02  Marine x2, Widow Mine  
  117  10:03  Marauder x2  
  117  10:04  Widow Mine  
  117  10:05  Marauder  
  129  10:12  Medivac x2  
  129  10:13  Marine x2  
  135  10:21  Supply Depot x2  
  135  10:23  Supply Depot  
  135  10:24  Marauder x2  
  135  10:26  Marauder  
  141  10:31  SCV x3, Marine  
  141  10:32  Marine x3  
  141  10:33  Widow Mine  
  150  10:42  Medivac x2  
  154  10:43  SCV x2  
  154  10:46  Marauder x2  
  154  10:47  Marauder  
  162  11:10  Marine x7  
  169  11:12  Widow Mine  
  169  11:13  Medivac, Widow Mine  
  169  11:14  Medivac  
  175  11:38  Marine x4  
  175  11:39  Marauder x3  
  157  12:38  Marine x4  
  157  12:39  Marauder x3  
  133  13:19  Marine x4  
  125  13:20  Marauder x3, Widow Mine x2  
  125  13:21  Medivac x2  
  137  13:40  Marine x4  
  143  13:41  Marauder x2  
  143  13:42  Marauder  
Show
View Real Time Build Order
Export as new Build Order

Miltreta Terran 

Build Orders: MMM Bio 

Get SALT Encoding   

  12  0:00  SCV  
  13  0:18  SCV  
  14  0:21  Supply Depot  
  14  0:31  SCV  
  15  0:41  Refinery  
  15  0:43  SCV  
  15  0:47  Barracks  
  16  0:57  SCV  
  17  1:15  Supply Depot  
  17  1:17  Engineering Bay  
  17  1:22  SCV  
  18  1:34  Reaper  
  18  1:36  SCV  
  20  1:52  Orbital Command  
  20  2:06  Reaper  
  20  2:23  Barracks  
  20  2:28  SCV  
  21  2:39  Bunker  
  21  2:47  SCV  
  22  3:08  SCV  
  23  3:19  Barracks Reactor  
  23  3:20  Barracks Tech Lab  
  23  3:44  Marauder  
  24  4:05  Marauder  
  24  4:09  Command Center  
  26  4:15  Factory  
  26  4:19  Barracks  
  26  4:20  SCV  
  26  4:23  Refinery  
  27  4:29  Stimpack  
  27  4:34  Marine x2  
  27  4:36  Marauder  
  31  4:46  Engineering Bay  
  31  5:00  Supply Depot  
  31  5:01  Supply Depot  
  31  5:08  Factory Tech Lab  
  31  5:12  Starport  
  31  5:21  SCV  
  32  5:22  Command Center  
  32  5:29  Marine x2  
  32  5:32  Marauder  
  32  5:34  Siege Tank  
  39  5:37  Barracks Reactor  
  39  5:42  Terran Infantry Weapons Level 1  
  39  6:02  Marine x2  
  39  6:03  Marauder  
  43  6:06  Bunker  
  43  6:17  Starport Reactor  
  43  6:20  Terran Infantry Armor Level 1  
  43  6:43  Marine x2  
  43  6:44  Marine  
  43  6:45  Marine  
  47  6:47  Marauder  
  47  6:49  Siege Tank  
  52  7:04  Medivac  
  54  7:12  SCV  
  55  7:16  Orbital Command  
  55  7:18  Refinery  
  55  7:20  Supply Depot  
  55  7:22  Refinery  
  55  7:24  Barracks  
  55  7:33  Barracks  
  55  7:35  Barracks  
  55  7:38  Marine x4  
  55  7:40  Marauder  
  55  7:43  Medivac  
  63  8:03  SCV  
  63  8:04  SCV x2  
  66  8:40  SCV x3  
  62  9:17  Marine x2  
  62  9:18  Marine x2  
  62  9:19  Marauder  
  62  9:20  Siege Tank  
  67  9:24  Medivac x2  
  71  9:39  Combat Shields  
  71  9:43  Barracks Tech Lab  
  71  9:44  Barracks Reactor  
  71  9:53  Cyclone  
  71  9:57  Factory  
  74  10:00  Armory  
  74  10:06  SCV  
  76  10:07  SCV x2  
  77  10:18  Marine x2  
  77  10:19  Marine  
  77  10:20  Marine  
  81  10:25  Orbital Command  
  81  10:26  SCV x2  
  83  10:49  Barracks Tech Lab  
  83  10:56  Marine x2  
  85  11:08  Supply Depot  
  85  11:09  Supply Depot  
  85  11:23  SCV x3, Marine x4  
  92  11:52  SCV x2  
  92  11:53  SCV  
  95  12:00  Marine x4  
  99  12:01  Marine x2  
  99  12:03  Marauder x2  
  99  12:05  Marauder  
  107  12:08  Siege Tank  
  107  12:10  Medivac x2  
  114  12:20  Barracks  
  114  12:21  Barracks  
  114  12:29  Starport  
  56  13:24  Marine x3  
  56  13:25  Marine x3  
  53  13:38  Marauder x2  
  57  13:47  Marauder  
Tags
 
Add a new tag
Caveats
  • Supply blocks, unpowered buildings, or Contaminate may cause inaccurate times.
  • Supply counts are checked every 10 seconds.